 Dungeon Crawl Stone Soup version 0.20.1-1-g8b1a95d (webtiles) character file.

39 tidbits the Skirmisher (level 3, 0/36 HPs)
             Began as a Demigod Wanderer on Aug 22, 2017.
             Killed themself with a badly aimed iceblast (11 damage)
             ... on level 3 of the Dungeon.
             The game lasted 00:04:56 (486 turns).

tidbits the Skirmisher (Demigod Wanderer)            Turns: 486, Time: 00:04:57

Health: 0/36       AC:  5    Str: 14    XL:     3   Next: 11%
Magic:  6/6        EV: 11    Int: 25    God:
Gold:   26         SH:  0    Dex: 11    Spells: 2/2 levels left

rFire    . . .     SeeInvis .   a - +2 mace
rCold    . . .     Gourm    .   (no shield)
rNeg     . . .     Faith    .   B - +0 ring mail
rPois    +         Spirit   .   (no helmet)
rElec    .         Reflect  .   (no cloak)
rCorr    +         Harm     .   (no gloves)
MR       .....                  (no boots)
Stlth    +.........             (no amulet)
Regen    0.6/turn               h - ring of resist corrosion
MPRegen  0.1/turn               o - -3 ring of dexterity (curse)

@: brilliant, flying, hasted, very quick
A: high mp 1, poison resistance, regeneration 1
a: no special abilities


You were on level 3 of the Dungeon.
You were not hungry.

You visited 1 branch of the dungeon, and saw 3 of its levels.

You collected 26 gold pieces.

Inventory:

Hand Weapons
 a - a +2 mace (weapon)
 i - a +1 short sword of freezing
   (You took it off a kobold on level 1 of the Dungeon)
Armour
 B - a +0 ring mail (worn)
Jewellery
 h - a ring of resist corrosion (left hand)
   (You found it on level 1 of the Dungeon)
 o - a cursed -3 ring of dexterity (right hand)
   (You found it on level 2 of the Dungeon)
Wands
 c - a wand of random effects (9/48)
Scrolls
 b - a scroll of identify
Potions
 f - 3 potions of curing
Comestibles
 d - 2 bread rations
 j - 3 royal jellies
 n - a meat ration


   Skills:
 - Level 5.4 Fighting
 - Level 1.0 Maces & Flails
   Level 1.0 Polearms
 + Level 2.6 Dodging
   Level 1.0 Shields
 - Level 1.0 Evocations


You had 2 spell levels left.
You didn't know any spells.

Dungeon Overview and Level Annotations

Branches:
Dungeon (3/15)

Annotations:
D:3 Grinder; flestrin's ghost, amateur OgWz


Innate Abilities, Weirdness & Mutations

You have an increased reservoir of magic. (+10% MP)
Your system is resistant to poisons. (rPois)
Your natural rate of healing is unusually fast.


Message History

You closely miss the hobgoblin. The hobgoblin hits you with a club.
You thump the hobgoblin!
You kill the hobgoblin!
You have reached level 3!
Your experience leads to a dramatic increase in your attributes!
Increase (S)trength, (I)ntelligence, or (D)exterity?
You feel clever. x2
You aren't carrying or standing over any spellbooks.
Unknown command.
You see here a club.
Found a twisted garnet ring.
Found a stone staircase leading down.
d - 2 bread rations (gained 1)
o - a twisted garnet ring Put on which piece of jewellery? (? for menu, Esc to quit)
That's the wrong kind of item! (Use * to select it.) Put on which piece of jewellery? (? for menu, Esc to quit)
You feel clumsy.
Oops, that ring feels deathly cold.
o - a cursed -3 ring of dexterity (right hand)
As you read the scroll labeled GEDI WEOTS, it crumbles to dust.
It is a scroll of identify.
f - 3 potions of curing You open the gate.
There is an open gate here.
There is a stone staircase leading down here.
You climb downwards.
An adder, a giant cockroach, a hobgoblin and 8 orcs come into view.
The adder hisses angrily.
The hobgoblin shouts!
The orc shouts! x5
The orc priest shouts!
You hear a shout!
Found 14 gold pieces, a scroll labeled ECOYCZI GILLI and a dagger.
There is a stone staircase leading up here.
The orc priest calls down the wrath of Beogh upon you.
Beogh smites you! The orc barely misses you.
You climb upwards.
There is a stone staircase leading down here.
You hit the orc.
The orc is moderately wounded.
The orc hits you with a short sword.
You closely miss the orc.
The orc is moderately wounded.
The orc hits you with a short sword.
You sock the orc!
You kill the orc!
There is an escape hatch in the floor here.
You slide downwards.
The hatch slams shut behind you.
Level annotation: flestrin's ghost, amateur OgWz A leopard gecko, 2 rats, a giant cockroach and Grinder come into view.
Grinder shouts!
The leopard gecko hisses angrily.
You hear a shout!
The leopard gecko misses you.
Found 8 gold pieces and a robe.
Found a stone staircase leading down.
As you read the scroll labeled DYBYGH EGOEMIQ, it crumbles to dust.
It is a scroll of enchant weapon.
Your +0 short sword of freezing glows red for a moment.
Grinder barely misses you. The rat closely misses you.
The leopard gecko hisses menacingly.
The leopard gecko closely misses you.
It was a potion of flight.
You feel very buoyant.
You fly up into the air.
Grinder hits you.
You writhe in agony.
* * * LOW HITPOINT WARNING * * *
The leopard gecko barely misses you. The rat bites you but does no damage.
A kobold comes into view. It is wielding a whip.
It was a potion of mutation.
You feel extremely strange.
You begin to heal more quickly.
You feel resistant to poisons.
The giant cockroach bites you but does no damage.
Grinder hits you.
* * * LOW HITPOINT WARNING * * *
The leopard gecko bites you but does no damage.
The rat bites you but does no damage. The leopard gecko barely misses you.
Grinder blinks!
The rat bites you but does no damage.
It was a potion of brilliance.
You feel clever all of a sudden.
The giant cockroach bites you but does no damage.
The leopard gecko bites you.
* * * LOW HITPOINT WARNING * * *
The rat bites you.
* * * LOW HITPOINT WARNING * * *
The leopard gecko bites you.
* * * LOW HITPOINT WARNING * * *
The giant cockroach misses you.
It was a potion of haste.
You feel yourself speed up. The rat barely misses you. The rat bites you.
* * * LOW HITPOINT WARNING * * *
The giant cockroach bites you but does no damage.
The leopard gecko barely misses you. The rat misses you.
The rat barely misses you.
Evoke which item? (* to show all) (? for menu, Esc to quit)
Aiming: Random Effects
Press: ? - help, Shift-Dir - straight line, f - Grinder
Aim: Grinder The mass of ice explodes!
The iceblast engulfs the rat.
You kill the rat!
The iceblast engulfs the giant cockroach.
You kill the giant cockroach!
The iceblast engulfs the rat.
You kill the rat!
The iceblast engulfs you!
You die...

..........
#.........
##.........
#..K.....$.
#.5........
#.......>..
#l.†.......
#..†.......
##.@......#
##......##
########


You could see Grinder, a leopard gecko and a kobold.

Vanquished Creatures
  An adder (D:1)
  A dart slug (D:1)
  An orc (D:2)
  4 bats
  A giant cockroach (D:3)
  3 hobgoblins
  4 jackals (D:1)
  3 kobolds (D:1)
  2 frilled lizards (D:1)
  A goblin (D:1)
  5 rats
26 creatures vanquished.

Vanquished Creatures (others)
  A goblin (D:3)
1 creature vanquished.

Grand Total: 27 creatures vanquished

Notes
Turn   | Place    | Note
-------+----------+-------------------------------------------
     0 | D:1      | tidbits the Demigod Wanderer began the quest for the Orb.
     0 | D:1      | tidbits set off with: a +2 mace, a +0 ring mail, a wand of random effects (15/48), a bread ration
     0 | D:1      | Reached XP level 1. HP: 23/23 MP: 3/3
    62 | D:1      | Found a shadowy altar of Dithmenos.
    82 | D:1      | Reached skill level 1 in Dodging
   100 | D:1      | Reached XP level 2. HP: 28/29 MP: 5/5
   214 | D:1      | Reached skill level 2 in Dodging
   433 | D:2      | Reached XP level 3. HP: 33/36 MP: 6/6
   460 | D:3      | Noticed flestrin's ghost (amateur OgWz)
   477 | D:3      | Noticed Grinder
   480 | D:3      | Gained mutation: Your natural rate of healing is unusually fast. [potion of mutation]
   480 | D:3      | Gained mutation: Your system is resistant to poisons. (rPois) [potion of mutation]
   486 | D:3      | Killed themself with a badly aimed iceblast

Skill      XL: |  1  2 |
---------------+-------+-----
Dodging        | 1 2 |  2.6
Fighting       | |  5.4
Maces & Flails | |  1.0
Polearms       | |  1.0
Shields        | |  1.0
Evocations     | |  1.0

Action                   || total
-------------------------++-------
Melee: Mace              ||    46
Evoke: Wand              ||     6
  Use: Potion            ||     4
       Scroll            ||     2
Armor: Ring mail         ||    32
Dodge: Dodged            ||    42

Table legend:
 A = Turns spent in this place as a percentage of turns spent in the entire game.
 B = Non-inter-level travel turns spent in this place as a percentage of non-inter-level travel turns spent in the entire game.
 C = Inter-level travel turns spent in this place as a percentage of turns spent in this place.
 D = Turns resting spent in this place as a percentage of non-inter-level travel turns spent in this place.
 E = Turns spent auto-exploring this place as a percentage of non-inter-level travel turns spent in this place.
 F = Non-inter-level travel turns spent in this place divided by the number of levels of this place that you've seen.
                   A       B       C       D       E      F
               +-------+-------+-------+-------+-------+----------------------
         Total | 100.0 | 100.0 |   0.2 |   0.0 |   0.0 | 149.3
       Dungeon | 100.0 | 100.0 |   0.2 |   0.0 |   0.0 | 149.3
               +-------+-------+-------+-------+-------+----------------------

Table legend:
 A = Kills in this place as a percentage of kills in entire the game.
 B = Kills by you in this place as a percentage of kills by you in the entire game.
 C = Kills by friends in this place as a percentage of kills by friends in the entire game.
 D = Other kills in this place as a percentage of other kills in the entire game.
 E = Experience gained in this place as a percentage of experience gained in the entire game.
 F = Experience gained in this place divided by the number of levels of this place that you have seen.
                   A       B       C       D       E      F
               +-------+-------+-------+-------+-------+----------------------
         Total | 100.0 | 100.0 |  -nan |  -nan | 100.0 |  18.7
       Dungeon | 100.0 | 100.0 |  -nan |  -nan | 100.0 |  18.7
               +-------+-------+-------+-------+-------+----------------------

Vault maps used:
D:1:      kennysheep_arrival_seaside, minmay_hexomino_r4
D:2:      tgw_xom, nicolae_ashenzari_panopticon, first_bread,
          nemelex_altar_shiori
D:3:      grunt_temple_overflow_holy_war, uniq_natasha, uniq_sigmund,
          uniq_grinder
